 Dungeon Crawl Stone Soup version 0.23-a0-673-g3803c42f16 (webtiles) character file.

15714 Morbidden the Unseen (level 12, -14/63 HPs)
             Began as a Vine Stalker Monk on Jan 9, 2019.
             Was a High Priest of Wu Jian.
             Demolished by a wolf spider simulacrum (18 damage)
             ... on level 14 of the Dungeon.
             The game lasted 00:38:47 (11090 turns).

Morbidden the Unseen (Vine Stalker Monk)           Turns: 11090, Time: 00:38:48

Health: -14/63     AC: 20    Str: 17    XL:     12   Next: 29%
Magic:  0/23       EV: 24    Int: 10    God:    Wu Jian [*****.]
Gold:   585        SH:  0    Dex: 22    Spells: 24/24 levels left

rFire    . . .     SeeInvis .   j - +0 dagger (protect)
rCold    . . .     Gourm    .   (no shield)
rNeg     . . .     Faith    .   y - +5 robe of Misfortune {*Contam Harm *Corrode *Drain *Slow EV+5}
rPois    +         Spirit   +   d - +0 helmet
rElec    .         Reflect  .   H - +0 cloak
rCorr    .         Harm     +   b - +2 pair of gloves {Str+3}
MR       ++...                  e - +0 pair of boots
Stlth    +++.......             (no amulet)
HPRegen  1.00/turn              l - ring of poison resistance
MPRegen  0.18/turn              m - ring of protection from magic

@: protection aura, glowing, heavenly storm
A: fangs 3, regeneration 2, magic shield, antimagic bite, no potion heal 3, rot
immunity
a: Wall Jump, Serpent's Lash, Heavenly Storm, Renounce Religion


You were on level 14 of the Dungeon.
You worshipped Wu Jian.
Wu Jian was extremely pleased with you.
You were hungry.

You visited 1 branch of the dungeon, and saw 14 of its levels.

You collected 787 gold pieces.
You spent 202 gold pieces at shops.

Inventory:

Hand Weapons
 j - a +0 dagger of protection (weapon)
 F - a +0 rapier
 J - a +2 scimitar of flaming
 K - a +4 dagger of chaos
Armour
 b - a +2 pair of gloves of strength (worn)
 d - a +0 helmet (worn)
 e - a +0 pair of boots (worn)
 y - the +5 robe of Misfortune (worn) {*Contam Harm *Corrode *Drain *Slow EV+5}
   (You found it on level 4 of the Dungeon)

   It affects your evasion (+5).
   It causes magical contamination when unequipped.
   It may corrode you when you take damage.
   It causes draining when unequipped.
   It may slow you when you take damage.
   It increases damage dealt and taken.
 H - a +0 cloak (worn)
Jewellery
 l - a ring of poison resistance (left hand)
 m - a ring of protection from magic (right hand)
Wands
 i - a wand of flame (20)
 D - a wand of random effects (17)
 G - a wand of paralysis (16)
 I - a wand of iceblast (4)
 L - a wand of digging (6)
Scrolls
 a - 7 scrolls of remove curse
 g - 3 scrolls of identify
 k - 3 scrolls of teleportation
 t - 2 scrolls of random uselessness
 u - 3 scrolls of enchant armour
 x - a scroll of blinking
 A - 3 scrolls of fog
 B - 2 scrolls of magic mapping
 E - a scroll of noise
 M - a scroll of acquirement {unknown}
Potions
 f - 3 potions of might
 h - 4 potions of curing
 n - 3 potions of magic
 o - a potion of invisibility {unknown}
 p - 3 potions of haste {unknown}
 q - 2 potions of degeneration {unknown}
 r - a potion of resistance
 s - 4 potions of flight
 v - a potion of cancellation {unknown}
 w - 2 potions of mutation
 z - 3 potions of agility
 C - 4 potions of ambrosia {unknown}
Comestibles
 c - 34 rations


   Skills:
 * Level 7.4 Fighting
 + Level 8.2 Short Blades
 + Level 2.2 Armour
 + Level 7.5 Dodging
 - Level 16.0 Stealth
 * Level 6.8 Spellcasting
 - Level 0.2 Evocations


You had 24 spell levels left.
You didn't know any spells.
Your spell library contained the following spells:

 Spells                   Type           Power        Failure   Level  Hunger
 Animate Skeleton         Necr           N/A          19%         1    None
 Corona                   Hex            #......      19%         1    None
 Pain                     Necr           #...         19%         1    None
 Sandblast                Erth           #.....       19%         1    None
 Ensorcelled Hibernation  Hex/Ice        #.....       28%         2    ##.....
 Passwall                 Tmut/Erth      #.......     28%         2    ##.....
 Slow                     Hex            #.......     28%         2    ##.....
 Dazzling Spray           Conj/Hex       #.....       50%         3    ###....
 Regeneration             Chrm/Necr      #.........   50%         3    ###....
 Spider Form              Tmut/Pois      #.........   50%         3    ###....
 Stone Arrow              Conj/Erth      #.....       50%         3    ###....
 Summon Guardian Golem    Hex/Summ       #.......     50%         3    ###....
 Vampiric Draining        Necr           #.........   50%         3    ###....
 Animate Dead             Necr           N/A          88%         4    ####...
 Fulminant Prism          Conj/Hex       #.........   88%         4    ####...
 Petrify                  Tmut/Erth      #.......     88%         4    ####...
 Lee's Rapid Deconstruct  Erth           #.........   99%         5    ######.


Dungeon Overview and Level Annotations

Branches:
Dungeon (15/15)            Temple (0/1) D:4            Lair (0/6) D:9
    Orc (0/2) D:11
 Vaults: D:13-14     Depths: D:15

Altars:
Ashenzari
Cheibriados
Dithmenos
Hepliaklqana
Kikubaaqudgha
Makhleb
Nemelex Xobeh
Okawaru
Qazlal
Vehumet
Wu Jian
Xom
Yredelemnul
Zin

Shops:
D:5 :   D:6 [

Annotations:
D:4 2 transporters, Veteran's ghost, amateur DDFi
D:11 3 runed doors


Innate Abilities, Weirdness & Mutations

You have razor-sharp teeth.
You heal very quickly.
When hurt, damage is shared between your health and your magic reserves.
Your bite disrupts and absorbs the magic of your enemies.
Potions cannot restore your health.
You are immune to rotting.


Message History

The meliai is lightly wounded.
You spin and attack the meliai.
You hit the meliai.
The meliai is moderately wounded.
The meliai completely misses you. The meliai stings you!
* * * LOW HITPOINT WARNING * * *
The meliai calls upon its god to heal the meliai.
The meliai's wounds heal themselves!
The meliai barely misses you. The meliai closely misses you.
The meliai barely misses you. The meliai closely misses you.
Unknown command.
Unknown command.
Unknown command.
You spin and attack the meliai.
You closely miss the meliai. You bite the meliai. You drain its power.
You feel invigorated.
The meliai is lightly wounded.
The meliai closely misses you. The meliai completely misses you.
The wolf spider simulacrum hits you.
* * * LOW HITPOINT WARNING * * *
The wolf spider simulacrum freezes you!!
You die...

#### # #..##### #
#......# # #......####
# # #§§.......# #
#§####§§.......#######
#☼§☼Z@☼§..............
#§§yy###+#............
#☼§§§# #.......#####
#.☼§☼+ #.......#
#....# #.......#
......# #......##
.......# #......#
........# #.....^#
.^......#


You could see 2 meliai and a wolf spider simulacrum.

Vanquished Creatures
  A hydra (D:11)
  A catoblepas (D:15)
  Erica (D:9)
  A cyclops (D:12)
  A centaur zombie (D:11)
  Psyche (D:11)
  3 centaur skeletons
  2 komodo dragons (D:12)
  2 trolls
  A meliai (D:14)
  A queen bee (D:10)
  A hornet (D:12)
  A hippogriff (D:8)
  Sigmund (D:3)
  A shadow (D:14)
  A water elemental (D:15)
  A wraith (D:12)
  A hungry ghost (D:7)
  3 vampire mosquitoes (D:14)
  2 acid dragons
  2 water moccasins
  3 sky beasts
  5 orc warriors
  2 hornet zombies
  2 ice beasts
  2 eyes of draining (D:12)
  5 phantoms
  3 black bears
  2 necrophages
  3 ogres
  7 centaurs
  2 crocodiles
  2 big kobolds
  Blork the orc (D:5)
  8 bullfrogs
  3 scorpions
  26 killer bees
  7 wights
  4 howler monkeys
  A quasit (D:10)
  4 crimson imps
  3 jellies
  8 orc priests
  14 hounds
  A gnoll shaman (D:6)
  5 orc wizards
  5 iguanas
  12 worker ants
  A worker ant zombie (D:5)
  4 gnolls (D:6)
  11 adders
  6 shadow imps
  3 oozes
  An adder zombie (D:9)
  2 worms
  2 dart slugs
  8 leopard geckos
  50 orcs
  5 giant cockroaches
  7 goblins
  10 hobgoblins
  7 jackals
  11 kobolds
  9 quokkas
  4 bats
  7 frilled lizards
  A leopard gecko skeleton (D:4)
  3 leopard gecko zombies
  7 rats
328 creatures vanquished.

Vanquished Creatures (others)
  An orc warrior (D:9)
  A fungus (D:9)
2 creatures vanquished.

Grand Total: 330 creatures vanquished

Notes
Turn   | Place    | Note
-------+----------+-------------------------------------------
     0 | D:1      | Morbidden the Vine Stalker Monk began the quest for the
                  | Orb.
     0 | D:1      | Reached XP level 1. HP: 11/11 MP: 2/2
   196 | D:1      | Reached XP level 2. HP: 16/16 MP: 3/3
   512 | D:1      | Reached XP level 3. HP: 3/20 MP: 4/4
   514 | D:1      | HP: 1/20 [hobgoblin/+0 club (2)]
   827 | D:2      | Reached skill level 1 in Spellcasting
   832 | D:2      | Found an ornate altar of the Wu Jian Council.
   852 | D:2      | Became a worshipper of the Wu Jian Council
   852 | D:2      | Reached * piety under Wu Jian
   852 | D:2      | Reached ** piety under Wu Jian
  1010 | D:2      | Reached skill level 3 in Stealth
  1010 | D:2      | Gained mutation: Your natural rate of healing is unusually
                  | fast. [Vine Stalker growth]
  1010 | D:2      | Reached XP level 4. HP: 6/24 MP: 6/6
  1637 | D:3      | Found a snail-covered altar of Cheibriados.
  1682 | D:3      | Reached XP level 5. HP: 24/28 MP: 5/8
  1843 | D:3      | Noticed Sigmund
  1919 | D:3      | Killed Sigmund
  1919 | D:3      | Reached XP level 6. HP: 32/33 MP: 8/10
  2261 | D:3      | Found a hazy altar of Hepliaklqana.
  2513 | D:4      | Reached skill level 1 in Armour
  2513 | D:4      | Reached XP level 7. HP: 33/37 MP: 11/11
  2570 | D:4      | Found a transporter.
  2571 | D:4      | Noticed Veteran's ghost (amateur DDFi)
  2576 | D:4      | Found a transporter.
  2682 | D:4      | Reached *** piety under Wu Jian
  2689 | D:4      | Found a stormy altar of Qazlal.
  2717 | D:4      | Found an iron altar of Okawaru.
  2759 | D:4      | Found a staircase to the Ecumenical Temple.
  2820 | D:4      | Found the +5 robe of Misfortune {*Contam Harm *Corrode
                  | *Drain *Slow EV+5}
  3400 | D:5      | Entered Level 5 of the Dungeon
  3428 | D:5      | Reached skill level 5 in Short Blades
  3428 | D:5      | Reached skill level 4 in Stealth
  3437 | D:5      | Gained mutation: You have razor-sharp teeth. [Vine Stalker
                  | growth]
  3437 | D:5      | Reached XP level 8. HP: 42/42 MP: 13/13
  3636 | D:5      | Reached skill level 5 in Fighting
  3767 | D:5      | Identified the Papyrus of Toxic Enchantment
  3815 | D:5      | Reached skill level 15 in Stealth
  3815 | D:5      | Reached XP level 9. HP: 47/47 MP: 15/15
  3886 | D:5      | Noticed Blork the orc
  3922 | D:5      | Killed Blork the orc
  3927 | D:5      | Found Fitiupe's Book Emporium.
  4144 | D:6      | Found Odegh's Antique Armour Emporium.
  4168 | D:6      | Bought a pair of runed gloves for 202 gold pieces
  4211 | D:6      | Found a burning altar of Makhleb.
  4853 | D:7      | Reached XP level 10. HP: 51/51 MP: 17/17
  4870 | D:7      | Reached **** piety under Wu Jian
  5450 | D:8      | Found a glowing silver altar of Zin.
  5575 | D:8      | Found a shadowy altar of Dithmenos.
  5801 | D:8      | Identified the +2 robe of the Illusory Princes {rElec rC+
                  | Dex+4} (You found it on level 8 of the Dungeon)
  6059 | D:9      | Found a shimmering altar of Xom.
  6148 | D:9      | Found a staircase to the Lair.
  6661 | D:9      | Reached skill level 5 in Dodging
  6671 | D:9      | Found a radiant altar of Vehumet.
  6719 | D:9      | Noticed Erica
  6734 | D:9      | Noticed a two-headed ogre
  7075 | D:9      | Found a shattered altar of Ashenzari.
  7075 | D:9      | Found a basalt altar of Yredelemnul.
  7075 | D:9      | Found an ancient bone altar of Kikubaaqudgha.
  7098 | D:10     | Entered Level 10 of the Dungeon
  7446 | D:8      | Paralysed by you for 5 turns
  7493 | D:9      | Killed Erica
  7554 | D:10     | Reached skill level 5 in Spellcasting
  7611 | D:10     | Reached XP level 11. HP: 51/56 MP: 16/19
  7719 | D:10     | Reached ***** piety under Wu Jian
  8529 | D:11     | Found a staircase to the Orcish Mines.
  8536 | D:11     | Got a scorched golden amulet
  8537 | D:11     | Identified the amulet "Lexty" {Harm *Drain MR+ Str+2 Int-5}
                  | (You found it on level 11 of the Dungeon)
  8560 | D:11     | Noticed a five-headed hydra
  8573 | D:11     | Killed a five-headed hydra
  8920 | D:11     | Found a runed gate.
  8920 | D:11     | Found a runed gate.
  8920 | D:11     | Found a runed gate.
  8920 | D:11     | Noticed a red ugly thing
  8920 | D:11     | Noticed a glowing orange brain
  8920 | D:11     | Noticed a brown ugly thing
  8920 | D:11     | Noticed a red ugly thing
  8921 | D:11     | Noticed a red ugly thing
  8922 | D:11     | Noticed a white very ugly thing
  8924 | D:11     | Noticed a white ugly thing
  8930 | D:11     | Noticed Psyche
  8941 | D:11     | Killed Psyche
  9051 | D:11     | Found a sparkling altar of Nemelex Xobeh.
  9073 | D:11     | Found a shadowy altar of Dithmenos.
 10017 | D:12     | Noticed a cyclops
 10019 | D:12     | Killed a cyclops
 10025 | D:12     | Reached skill level 16 in Stealth
 10202 | D:12     | HP: 1/58 [wraith (8)]
 10291 | D:12     | Gained mutation: You heal very quickly. [Vine Stalker
                  | growth]
 10291 | D:12     | Reached XP level 12. HP: 63/63 MP: 22/22
 10449 | D:12     | You fall through a shaft for 3 floors!
 10449 | D:15     | Entered Level 15 of the Dungeon
 10760 | D:15     | Noticed a catoblepas
 10766 | D:15     | Killed a catoblepas
 11090 | D:14     | Demolished by a wolf spider simulacrum

Vault maps used:
D:1:      matt_arrival_refuge, serial_bayou_pond_d, minmay_ruptured
D:2:      old_standard_altar
D:3:      kennysheep_slug_shrine, lemuel_coloured_pillars_altar,
          small_statue_intersection, kennysheep_cluttered_room, uniq_sigmund
D:4:      kennysheep_mini, okawaru_metal_pillars_1_2, minmay_temple_entry_tees,
          first_ration, gammafunk_ghost_smash, minmay_quantized
D:5:      serial_shops, nicolae_shop_behind_doors, uniq_blork_the_orc
D:6:      old_standard_altar, serial_shops, shop
D:8:      kennysheep_mini_moat, nicolae_overflow_crystal_walls
D:9:      lemuel_round_altar, marbit_many_paths, gammafunk_temple_overflow_claw,
          dpeg_oklobed_lair, feat_on_display, uniq_erica
D:10:     special_room
D:11:     hiddenorc2_lemuel, ploomutoo_gammafunk_ghost_potion_laboratory,
          basic_altar, blue_anna_alchemist, lemuel_centaur_altar, uniq_psyche
D:12:     lemuel_hellish_altar
D:14:     minmay_misc_feat_ornament, uniq_kirke
D:15:     gammafunk_enter_depths_forms, hangedman_glass_teeth, serial_shops,
          shop

Skill      XL: |  1  2  3  4  5  6  7  8  9 10 11 12 |
---------------+-------------------------------------+-----
Fighting       | 3 4 5 7 |  7.4
Short Blades   | 3 4 5 6 8 |  8.2
Spellcasting   | 1 2 3 4 5 6 |  6.8
Stealth        | 3 4 15 16 | 16.0
Dodging        | 3 4 5 6 7 |  7.5
Armour         | 1 2 |  2.2
Evocations     | |  0.2

Action                   |  1- 3 |  4- 6 |  7- 9 | 10-12 || total
-------------------------+-------+-------+-------+-------++-------
Melee: Short sword       |    11 |       |       |       ||    11
       Bite              |    60 |    76 |   148 |   603 ||   887
       Dagger            |   190 |   238 |   371 |  1479 ||  2278
Invok: Whirlwind         |     9 |       |     9 |    43 ||    61
       Lunge             |     7 |    12 |    19 |    45 ||    83
       Serpent's Lash    |       |       |       |     2 ||     2
       Heavenly Storm    |       |       |       |     1 ||     1
 Abil: Wall Jump         |       |     1 |     2 |    34 ||    37
Evoke: Wand              |       |       |       |     8 ||     8
  Use: Scroll            |       |     1 |     9 |    13 ||    23
       Potion            |       |       |     2 |     2 ||     4
 Stab: Sleeping          |     5 |     2 |     8 |    34 ||    49
       Distracted        |       |       |     1 |     5 ||     6
       Paralysed         |       |       |       |     1 ||     1
  Eat: Chunk             |       |     6 |     7 |    20 ||    33
       Ration            |       |       |       |     1 ||     1
Armor: Robe              |    48 |     3 |    52 |   317 ||   420
       Plate armour      |       |   130 |    45 |       ||   175
Dodge: Dodged            |    98 |    40 |   158 |  1188 ||  1484

Table legend:
 A = Non-vault XP
 B = Vault XP
 C = Vault XP percentage of total XP
 D = Non-vault monster count
 E = Vault monster count
 F = Vault count percentage of total count
                 A         B        C        D         E       F
            +---------+---------+-------+---------+---------+-------
      Total |   16386 |    4368 |  21.0 |     257 |      72 |  21.9
            +---------+---------+-------+---------+---------+-------
        D:1 |      32 |       7 |  17.9 |      19 |       3 |  13.6
        D:2 |     106 |       0 |   0.0 |      19 |       0 |   0.0
        D:3 |      96 |     235 |  71.0 |      24 |       2 |   7.7
        D:4 |     466 |     131 |  21.9 |      15 |       2 |  11.8
        D:5 |     706 |      90 |  11.3 |      19 |       1 |   5.0
        D:6 |    1066 |       0 |   0.0 |      20 |       0 |   0.0
        D:7 |    1154 |       0 |   0.0 |      19 |       0 |   0.0
        D:8 |    1009 |       0 |   0.0 |      16 |       0 |   0.0
        D:9 |     975 |    1011 |  50.9 |      17 |       2 |  10.5
       D:10 |    1945 |    1742 |  47.2 |      32 |      24 |  42.9
       D:11 |    2714 |    1152 |  29.8 |      21 |      38 |  64.4
       D:12 |    3231 |       0 |   0.0 |      21 |       0 |   0.0
       D:14 |    1715 |       0 |   0.0 |      13 |       0 |   0.0
       D:15 |    1171 |       0 |   0.0 |       2 |       0 |   0.0
            +---------+---------+-------+---------+---------+-------
